San Jose Sharks vs Colorado Rockies
Created - Sunday, June 25, 2023 at 06:39
Goals
|
| San Jose Sharks |
0 |
1 |
1 |
2 |
| Colorado Rockies |
0 |
1 |
3 |
4 |
|
Shots
|
| San Jose Sharks |
8 |
12 |
12 |
32 |
| Colorado Rockies |
14 |
16 |
7 |
37 |
|
1st period
No Goal
Penalties :
Nick Paul (SJS) for Holding (Minor) at 2:56
2nd period
1. Colorado Rockies , Shea Theodore 3 (Victor Hedman 21) at 5:25
2. San Jose Sharks , Tanner Pearson 21 (Andreas Athanasiou 20, Mike Hoffman 26) at 11:01
Penalties :
Anthony DeAngelo (SJS) for Holding (Minor) at 6:14
3rd period
3. Colorado Rockies , Nikita Kucherov 31 (Evgeny Kuznetsov 47) at 0:04
4. San Jose Sharks , Mike Hoffman 20 (Jacob Middleton 17) at 7:34
5. Colorado Rockies , Tim Stutzle 24 (Quinn Hughes 14, Martin Fehervary 8) at 8:55
6. Colorado Rockies , Jesper Bratt 22 (Tim Stutzle 22, Dylan Strome 17) at 16:27
Penalties :
Ryan Hartman (SJS) for Hooking (Minor) at 0:07, Roman Josi (COL) for Holding Stick (Minor) at 5:32, Shea Theodore (COL) for Cross-checking (Minor) at 11:59
Goalie Stats
Marc-Andre Fleury (SJS), 33 saves from 37 shots - (0.892), L, 26-23-2, 60:00 minutes
Andrei Vasilevskiy (COL), 30 saves from 32 shots - (0.938), W, 41-15-4, 60:00 minutes
Players Stats for San Jose Sharks
Player Name G A P +/- PIM S H SB GA TA FO MP PP MP PK MP
------------------------------------------------------------------------------------
Alex Iafallo 0 0 0 0 0 0 0 1 0 0 0/4 5:28 0:00 0:59
Andreas Athanasiou 0 1 1 0 0 3 3 0 0 1 4/11 12:50 0:00 0:00
Anthony DeAngelo 0 0 0 1 2 2 1 1 0 0 0/0 21:41 2:12 2:12
David Savard 0 0 0 0 0 1 1 4 0 0 0/0 11:23 0:00 1:59
Jacob Middleton 0 1 1 -1 0 1 5 1 0 0 0/0 23:09 1:46 2:33
Jesper Fast 0 0 0 0 0 1 0 0 0 1 1/1 10:48 0:00 1:36
Joel Edmundson 0 0 0 0 0 2 2 3 0 3 0/0 24:46 1:46 2:33
Michael Bunting 0 0 0 0 0 5 1 1 0 0 1/2 15:29 2:05 0:00
Mike Hoffman 1 1 2 1 0 3 1 0 0 1 0/1 12:58 0:04 0:00
Nick Paul 0 0 0 0 2 0 0 1 0 1 1/2 17:02 1:59 1:21
Oliver Bjorkstrand 0 0 0 -3 0 5 1 0 1 1 1/4 19:55 1:49 3:05
Rem Pitlick 0 0 0 0 0 0 0 2 0 0 3/10 9:10 0:10 0:05
Ryan Hartman 0 0 0 -2 2 3 3 0 1 0 7/18 18:30 1:40 1:44
Slater Koekkoek 0 0 0 -2 0 1 0 2 0 2 0/0 17:34 0:00 1:56
Sonny Milano 0 0 0 1 0 3 2 0 2 0 3/11 16:57 1:35 0:26
Tanner Pearson 1 0 1 0 0 1 2 0 0 0 0/3 16:04 0:52 0:00
Tobias Bjornfot 0 0 0 -3 0 0 0 0 1 1 0/0 21:19 2:12 0:41
William Karlsson 0 0 0 -2 0 1 1 1 0 0 1/2 18:57 1:40 2:38
Players Stats for Colorado Rockies
Player Name G A P +/- PIM S H SB GA TA FO MP PP MP PK MP
------------------------------------------------------------------------------------
David Pastrnak 0 0 0 0 0 2 2 2 0 0 0/0 16:04 2:45 0:00
Dylan Strome 0 1 1 2 0 1 0 0 0 0 8/12 13:08 0:00 0:00
Evgeny Kuznetsov 0 1 1 0 0 1 1 0 1 0 16/28 20:43 3:12 0:00
Jakub Vrana 0 0 0 1 0 2 0 0 0 0 0/0 6:03 0:00 0:00
Jesper Bratt 1 0 1 1 0 5 1 0 1 0 0/0 13:14 0:00 0:03
Kevin Hayes 0 0 0 1 0 0 0 1 1 1 0/0 8:09 0:00 2:06
Kyle Connor 0 0 0 0 0 1 1 1 1 1 0/1 21:33 3:12 0:50
Martin Fehervary 0 1 1 0 0 2 2 1 0 0 0/0 14:27 0:00 1:37
Nick Bonino 0 0 0 1 0 1 1 0 0 0 4/4 8:09 0:00 2:06
Nick Schmaltz 0 0 0 -1 0 2 1 1 0 0 1/2 16:57 2:45 0:49
Nikita Kucherov 1 0 1 0 0 7 0 0 2 0 0/2 20:43 3:12 0:00
Quinn Hughes 0 1 1 1 0 4 0 3 0 0 0/0 17:08 2:32 0:48
Roman Josi 0 0 0 0 2 0 2 1 0 0 0/0 25:21 3:25 1:08
Ryan O'Reilly 0 0 0 0 0 0 2 0 0 0 17/19 16:54 2:45 0:50
Shea Theodore 1 0 1 1 2 2 1 0 0 1 0/0 16:21 0:00 0:00
Tim Stutzle 1 1 2 2 0 4 3 0 2 0 1/1 14:21 0:00 1:12
Victor Hedman 0 1 1 1 0 1 3 1 1 1 0/0 23:40 3:25 2:21
Zach Werenski 0 0 0 0 0 2 2 0 2 1 0/0 23:05 2:32 2:02
3 Stars
1 - Tim Stutzle (COL)
2 - Mike Hoffman (SJS)
3 - Jesper Bratt (COL)
Power Play
San Jose Sharks - 0 on 2 Attempt(s) - 0.00%
Colorado Rockies - 0 on 3 Attempt(s) - 0.00%
Penalty Kill
San Jose Sharks - 3 on 3 Attempt(s) - 100.00%
- Score 0 goal in Penalty Kill
Colorado Rockies - 2 on 2 Attempt(s) - 100.00%
- Score 0 goal in Penalty Kill
Team Stat
San Jose Sharks - Hits : 23 - Faceoff Wins : 22 - Blocked Shots : 17 - Penalty Minutes : 6
Colorado Rockies - Hits : 22 - Faceoff Wins : 47 - Blocked Shots : 11 - Penalty Minutes : 4
Official
Referees : Mark Lemelin and Dan O'Rourke
Linesman : Brian Murphy and Mike Cvik
Game Notes
Alex Iafallo is injured at 15:53 of 1st period (Back Spasms)
David Savard is injured at 8:19 of 2nd period (Sports Hernia)
Finance
Level 1 -- Attendance: 6000 (100.00%) -- Ticket Income $540,000
Level 2 -- Attendance: 5000 (100.00%) -- Ticket Income $275,000
Level 3 -- Attendance: 2254 (75.13%) -- Ticket Income $78,890
Level 4 -- Attendance: 3912 (78.24%) -- Ticket Income $97,800
Luxury Box -- Attendance: 1000 (100.00%) -- Ticket Income $175,000
Game was played at the Pepsi Center.
Total Attendance: 18166 (90.83%)
Total Ticket Income: $1,166,690
Other Income: $408,342
Total Income: $1,575,032
San Jose Sharks
5 vs 5 Forward
Center Left Wing Right Wing Time % Phy DF OF
1 Ryan Hartman William Karlsson Oliver Bjorkstrand 30 1 2 2
2 Alex Iafallo Nick Paul Michael Bunting 30 1 2 2
3 Andreas Athanasiou Tanner Pearson Mike Hoffman 25 1 2 2
4 Rem Pitlick Sonny Milano Jesper Fast 15 1 2 2
5 vs 5 Defense
Defense Defense Time % Phy DF OF
1 David Savard Anthony DeAngelo 35 1 2 2
2 Joel Edmundson Jacob Middleton 35 1 2 2
3 Tobias Bjornfot Slater Koekkoek 30 1 2 2
4 David Savard Anthony DeAngelo 0 1 2 2
PowerPlay Forward
Center Left Wing Right Wing Time % Phy DF OF
1 Ryan Hartman William Karlsson Oliver Bjorkstrand 50 1 2 2
2 Alex Iafallo Nick Paul Michael Bunting 50 1 2 2
PowerPlay Defense
Defense Defense Time % Phy DF OF
1 David Savard Anthony DeAngelo 50 1 2 2
2 Joel Edmundson Jacob Middleton 50 1 2 2
Penalty Kill 4 Players Forward
Center Wing Time % Phy DF OF
1 Ryan Hartman William Karlsson 50 1 2 2
2 Oliver Bjorkstrand Alex Iafallo 50 1 2 2
Penalty Kill 4 Players Defense
Defense Defense Time % Phy DF OF
1 David Savard Anthony DeAngelo 50 1 2 2
2 Joel Edmundson Jacob Middleton 50 1 2 2
Penalty Kill - 3 Players Forward
Forward Time % Phy DF OF
1 Ryan Hartman 50 1 2 2
2 William Karlsson 50 1 2 2
Penalty Kill - 3 Players Defense
Defense Defense Time % Phy DF OF
1 David Savard Anthony DeAngelo 50 1 2 2
2 Joel Edmundson Jacob Middleton 50 1 2 2
4 vs 4 Forward
Center Wing Time % Phy DF OF
1 Ryan Hartman William Karlsson 50 1 2 2
2 Oliver Bjorkstrand Alex Iafallo 50 1 2 2
4 vs 4 Defense
Defense Defense Time % Phy DF OF
1 David Savard Anthony DeAngelo 50 1 2 2
2 Joel Edmundson Jacob Middleton 50 1 2 2
Last Minutes Offensive
Center Left Wing Right Wing Defense Defense
Ryan Hartman William Karlsson Oliver Bjorkstrand David Savard Anthony DeAngelo
Last Minutes Defensive
Center Left Wing Right Wing Defense Defense
Ryan Hartman William Karlsson Oliver Bjorkstrand David Savard Anthony DeAngelo
Goaltenders
Starting : Marc-Andre Fleury
Backup : Malcolm Subban
Extra Forwards
Normal : Sonny Milano, Tanner Pearson, Jesper Fast - PP : Sonny Milano, Tanner Pearson - PK : Jesper Fast
Extra Defensemen
Normal : Tobias Bjornfot, Slater Koekkoek, Joel Edmundson - PP : Tobias Bjornfot - PK : Slater Koekkoek, Joel Edmundson
Penalty Shots
Ryan Hartman, William Karlsson, Oliver Bjorkstrand, Alex Iafallo, Nick Paul
Colorado Rockies
5 vs 5 Forward
Center Left Wing Right Wing Time % Phy DF OF
1 Evgeny Kuznetsov Kyle Connor Nikita Kucherov 38 1 2 2
2 Ryan O'Reilly Nick Schmaltz David Pastrnak 29 1 2 2
3 Dylan Strome Tim Stutzle Jesper Bratt 26 1 2 2
4 Nick Bonino Jakub Vrana Kevin Hayes 7 1 2 2
5 vs 5 Defense
Defense Defense Time % Phy DF OF
1 Roman Josi Zach Werenski 36 1 2 2
2 Victor Hedman Shea Theodore 31 1 2 2
3 Quinn Hughes Martin Fehervary 26 1 2 2
4 Roman Josi Victor Hedman 7 1 2 2
PowerPlay Forward
Center Left Wing Right Wing Time % Phy DF OF
1 Evgeny Kuznetsov Kyle Connor Nikita Kucherov 58 1 1 3
2 Ryan O'Reilly Nick Schmaltz David Pastrnak 42 1 2 2
PowerPlay Defense
Defense Defense Time % Phy DF OF
1 Victor Hedman Roman Josi 60 1 2 2
2 Zach Werenski Quinn Hughes 40 1 2 2
Penalty Kill 4 Players Forward
Center Wing Time % Phy DF OF
1 Nick Bonino Kevin Hayes 60 1 2 2
2 Ryan O'Reilly Kyle Connor 40 1 2 2
Penalty Kill 4 Players Defense
Defense Defense Time % Phy DF OF
1 Roman Josi Victor Hedman 60 1 2 2
2 Zach Werenski Martin Fehervary 40 1 2 2
Penalty Kill - 3 Players Forward
Forward Time % Phy DF OF
1 Kevin Hayes 60 1 2 2
2 Ryan O'Reilly 40 1 2 2
Penalty Kill - 3 Players Defense
Defense Defense Time % Phy DF OF
1 Roman Josi Victor Hedman 60 1 2 2
2 Zach Werenski Martin Fehervary 40 1 2 2
4 vs 4 Forward
Center Wing Time % Phy DF OF
1 Evgeny Kuznetsov Nikita Kucherov 60 1 2 2
2 Ryan O'Reilly David Pastrnak 40 1 2 2
4 vs 4 Defense
Defense Defense Time % Phy DF OF
1 Zach Werenski Roman Josi 60 1 2 2
2 Victor Hedman Quinn Hughes 40 1 2 2
Last Minutes Offensive
Center Left Wing Right Wing Defense Defense
Evgeny Kuznetsov Kyle Connor Nikita Kucherov Victor Hedman Roman Josi
Last Minutes Defensive
Center Left Wing Right Wing Defense Defense
Evgeny Kuznetsov Kyle Connor Nikita Kucherov Victor Hedman Roman Josi
Goaltenders
Starting : Andrei Vasilevskiy
Backup : Ilya Samsonov
Extra Forwards
Normal : Jesper Bratt, Tim Stutzle, Nick Schmaltz - PP : Jesper Bratt, Tim Stutzle - PK : Kevin Hayes
Extra Defensemen
Normal : Shea Theodore, Roman Josi, Zach Werenski - PP : Shea Theodore - PK : Roman Josi, Zach Werenski
Penalty Shots
Kevin Hayes, Jesper Bratt, Evgeny Kuznetsov, Tim Stutzle, Jakub Vrana
% Time on Ice - San Jose Sharks
Lines # - Real PCT - Wanted PCT - Time Play
Normal Forward
1 - 31% - 30% - 15:27
2 - 27% - 30% - 13:30
3 - 26% - 25% - 12:50
4 - 17% - 15% - 8:18
Normal Defense
1 - 36% - 35% - 18:02
2 - 36% - 35% - 17:59
3 - 27% - 30% - 13:32
4 - 1% - 0% - 0:32
PP Forward
1 - 42% - 50% - 1:40
2 - 58% - 50% - 2:18
PP Defense
1 - 55% - 50% - 2:12
2 - 45% - 50% - 1:46
PK Forward
1 - 48% - 50% - 2:52
2 - 52% - 50% - 3:05
PK Defense
1 - 57% - 50% - 3:24
2 - 43% - 50% - 2:33
PK3 Forward
1 - 0% - 50%
2 - 0% - 50%
PK3 Defense
1 - 0% - 50%
2 - 0% - 50%
44 Forward
1 - 0% - 50%
2 - 0% - 50%
44 Defense
1 - 0% - 50%
2 - 0% - 50%
Last Minute Offensive - 0:00
Last Minute Defensive - 0:00
Total
Forward - 60:00
Defense - 60:00
|
% Time on Ice - Colorado Rockies
Lines # - Real PCT - Wanted PCT - Time Play
Normal Forward
1 - 35% - 38% - 17:35
2 - 27% - 29% - 13:19
3 - 26% - 26% - 13:08
4 - 12% - 7% - 6:03
Normal Defense
1 - 38% - 36% - 18:48
2 - 33% - 31% - 16:29
3 - 26% - 26% - 12:47
4 - 4% - 7% - 2:01
PP Forward
1 - 54% - 58% - 3:12
2 - 46% - 42% - 2:45
PP Defense
1 - 57% - 60% - 3:25
2 - 43% - 40% - 2:32
PK Forward
1 - 79% - 60% - 3:08
2 - 21% - 40% - 0:50
PK Defense
1 - 79% - 60% - 3:07
2 - 21% - 40% - 0:51
PK3 Forward
1 - 0% - 60%
2 - 0% - 40%
PK3 Defense
1 - 0% - 60%
2 - 0% - 40%
44 Forward
1 - 0% - 60%
2 - 0% - 40%
44 Defense
1 - 0% - 60%
2 - 0% - 40%
Last Minute Offensive - 0:00
Last Minute Defensive - 0:00
Total
Forward - 60:00
Defense - 60:00
|
Play-by-Play
1st period
0:01 of 1st period - Ryan Hartman wins face-off versus Evgeny Kuznetsov in neutral zone.
1:17 of 1st period - Wrist shot by Nikita Kucherov.
1:17 of 1st period - Shot Misses the Net.
1:37 of 1st period - Snap shot by Jakub Vrana.
1:37 of 1st period - Shot Misses the Net.
1:39 of 1st period - Snap shot by Nick Bonino.
1:39 of 1st period - Shot Misses the Net.
1:41 of 1st period - Snap shot by Kevin Hayes.
1:41 of 1st period - Shot Blocked by Nick Paul.
1:58 of 1st period - Wrist shot by Ryan Hartman.
1:58 of 1st period - Stopped by Andrei Vasilevskiy with a rebound.
2:02 of 1st period - Wrist shot by Oliver Bjorkstrand.
2:02 of 1st period - Shot Misses the Net.
2:12 of 1st period - Mike Hoffman is hit by Martin Fehervary and loses puck.
2:56 of 1st period - Minor Penalty to Nick Paul for Holding.
2:57 of 1st period - Ryan Hartman wins face-off versus Nikita Kucherov in San Jose Sharks zone.
3:23 of 1st period - Roman Josi is hit by Ryan Hartman and loses puck.
4:56 of 1st period - Penalty to Nick Paul is over, Nick Paul is back on ice.
5:09 of 1st period - Tanner Pearson is hit by Victor Hedman and loses puck.
5:53 of 1st period - Off-side.
5:54 of 1st period - Ryan O'Reilly wins face-off versus Alex Iafallo in neutral zone.
6:02 of 1st period - Wrist shot by Michael Bunting.
6:02 of 1st period - Shot Blocked by Roman Josi.
6:18 of 1st period - Zach Werenski is hit by Joel Edmundson and loses puck.
6:39 of 1st period - Snap shot by Jakub Vrana.
6:39 of 1st period - Shot Hit the Post.
6:41 of 1st period - Snap shot by Kevin Hayes.
6:41 of 1st period - Shot Misses the Net.
6:43 of 1st period - Snap shot by Nick Bonino.
6:43 of 1st period - Stopped by Marc-Andre Fleury with a rebound.
6:45 of 1st period - Slapshot by Martin Fehervary.
6:45 of 1st period - Stopped by Marc-Andre Fleury with a rebound.
6:47 of 1st period - Slapshot by Quinn Hughes.
6:47 of 1st period - Shot Blocked by David Savard.
6:59 of 1st period - Wrist shot by Andreas Athanasiou.
6:59 of 1st period - Stopped by Andrei Vasilevskiy without a rebound.
7:00 of 1st period - Dylan Strome wins face-off versus Andreas Athanasiou in Colorado Rockies zone.
7:09 of 1st period - Slapshot by Andreas Athanasiou.
7:09 of 1st period - Shot Misses the Net.
7:38 of 1st period - Nick Paul is hit by Roman Josi and loses puck.
7:54 of 1st period - Wrist shot by Jacob Middleton.
7:54 of 1st period - Stopped by Andrei Vasilevskiy without a rebound.
7:55 of 1st period - Ryan O'Reilly wins face-off versus Rem Pitlick in Colorado Rockies zone.
8:06 of 1st period - Victor Hedman is hit by Sonny Milano and loses puck.
8:20 of 1st period - Wrist shot by David Pastrnak.
8:20 of 1st period - Deflect By Nick Schmaltz.
8:20 of 1st period - Shot Blocked by Rem Pitlick.
8:20 of 1st period - Puck is out of play.
8:21 of 1st period - William Karlsson wins face-off versus Evgeny Kuznetsov in San Jose Sharks zone.
9:16 of 1st period - David Savard is hit by Roman Josi and loses puck.
9:43 of 1st period - Snap shot by Michael Bunting.
9:43 of 1st period - Stopped by Andrei Vasilevskiy with a rebound.
9:45 of 1st period - Slapshot by Anthony DeAngelo.
9:45 of 1st period - Shot Blocked by Kevin Hayes.
10:09 of 1st period - Kevin Hayes is hit by David Savard and loses puck.
10:17 of 1st period - Icing by Jakub Vrana.
10:18 of 1st period - Nick Bonino wins face-off versus Andreas Athanasiou in Colorado Rockies zone.
10:43 of 1st period - Wrist shot by Oliver Bjorkstrand.
10:43 of 1st period - Shot Hit the Post.
11:13 of 1st period - Snap shot by Nick Schmaltz.
11:13 of 1st period - Stopped by Marc-Andre Fleury with a rebound.
11:34 of 1st period - Off-side.
11:35 of 1st period - Dylan Strome wins face-off versus Ryan Hartman in neutral zone.
12:04 of 1st period - Snap shot by Mike Hoffman.
12:04 of 1st period - Shot Misses the Net.
12:09 of 1st period - Off-side.
12:10 of 1st period - Evgeny Kuznetsov wins face-off versus Andreas Athanasiou in neutral zone.
12:17 of 1st period - Snap shot by Kyle Connor.
12:17 of 1st period - Shot Misses the Net.
12:49 of 1st period - Snap shot by William Karlsson.
12:49 of 1st period - Shot Misses the Net.
12:51 of 1st period - Snap shot by William Karlsson.
12:51 of 1st period - Deflect By Oliver Bjorkstrand.
12:51 of 1st period - Shot Misses the Net.
12:51 of 1st period - Puck is out of play.
12:52 of 1st period - Evgeny Kuznetsov wins face-off versus Alex Iafallo in Colorado Rockies zone.
13:05 of 1st period - Slapshot by Evgeny Kuznetsov.
13:05 of 1st period - Stopped by Marc-Andre Fleury with a rebound.
13:07 of 1st period - Wrist shot by Victor Hedman.
13:07 of 1st period - Shot Blocked by Joel Edmundson.
13:09 of 1st period - Wrist shot by Nikita Kucherov.
13:09 of 1st period - Shot Blocked by Michael Bunting.
13:28 of 1st period - Joel Edmundson is hit by David Pastrnak.
13:46 of 1st period - Wrist shot by Mike Hoffman.
13:46 of 1st period - Shot Blocked by Martin Fehervary.
13:48 of 1st period - Slapshot by Joel Edmundson.
13:48 of 1st period - Stopped by Andrei Vasilevskiy without a rebound.
13:49 of 1st period - Evgeny Kuznetsov wins face-off versus Andreas Athanasiou in Colorado Rockies zone.
14:05 of 1st period - Wrist shot by Andreas Athanasiou.
14:05 of 1st period - Stopped by Andrei Vasilevskiy without a rebound.
14:06 of 1st period - Ryan O'Reilly wins face-off versus Ryan Hartman in Colorado Rockies zone.
14:06 of 1st period - Ryan O'Reilly is hit by Ryan Hartman.
14:38 of 1st period - Snap shot by Evgeny Kuznetsov.
14:38 of 1st period - Shot Blocked by Anthony DeAngelo.
14:40 of 1st period - Slapshot by Shea Theodore.
14:40 of 1st period - Stopped by Marc-Andre Fleury without a rebound.
14:41 of 1st period - Evgeny Kuznetsov wins face-off versus Andreas Athanasiou in San Jose Sharks zone.
15:10 of 1st period - Snap shot by Tim Stutzle.
15:10 of 1st period - Stopped by Marc-Andre Fleury without a rebound.
15:11 of 1st period - Dylan Strome wins face-off versus Ryan Hartman in San Jose Sharks zone.
15:22 of 1st period - Snap shot by Ryan Hartman.
15:22 of 1st period - Deflect By Oliver Bjorkstrand.
15:22 of 1st period - Stopped by Andrei Vasilevskiy without a rebound.
15:23 of 1st period - Evgeny Kuznetsov wins face-off versus Alex Iafallo in Colorado Rockies zone.
15:32 of 1st period - Wrist shot by Nikita Kucherov.
15:32 of 1st period - Stopped by Marc-Andre Fleury with a rebound.
15:37 of 1st period - Icing by Anthony DeAngelo.
15:38 of 1st period - Ryan O'Reilly wins face-off versus Alex Iafallo in San Jose Sharks zone.
15:53 of 1st period - Slapshot by Ryan O'Reilly.
15:53 of 1st period - Shot Blocked by Alex Iafallo.
15:53 of 1st period - Alex Iafallo from San Jose Sharks is injured at 15:53 of 1st period (Back Spasms).
15:54 of 1st period - Ryan Hartman wins face-off versus Evgeny Kuznetsov in San Jose Sharks zone.
16:21 of 1st period - Victor Hedman is hit by Joel Edmundson and loses puck.
16:28 of 1st period - Wrist shot by Andreas Athanasiou.
16:28 of 1st period - Shot Misses the Net.
16:37 of 1st period - Icing by Victor Hedman.
16:38 of 1st period - Rem Pitlick wins face-off versus Dylan Strome in Colorado Rockies zone.
16:53 of 1st period - Snap shot by Ryan Hartman.
16:53 of 1st period - Shot Misses the Net.
16:55 of 1st period - Snap shot by David Savard.
16:55 of 1st period - Deflect By Shea Theodore.
16:55 of 1st period - Stopped by Andrei Vasilevskiy without a rebound.
16:56 of 1st period - Evgeny Kuznetsov wins face-off versus Sonny Milano in Colorado Rockies zone.
17:09 of 1st period - Wrist shot by Nikita Kucherov.
17:09 of 1st period - Shot Misses the Net.
17:11 of 1st period - Wrist shot by Nikita Kucherov.
17:11 of 1st period - Stopped by Marc-Andre Fleury with a rebound.
17:44 of 1st period - Snap shot by Oliver Bjorkstrand.
17:44 of 1st period - Shot Misses the Net.
18:13 of 1st period - Slapshot by Jesper Bratt.
18:13 of 1st period - Shot Misses the Net.
18:15 of 1st period - Slapshot by Quinn Hughes.
18:15 of 1st period - Stopped by Marc-Andre Fleury with a rebound.
18:17 of 1st period - Snap shot by Quinn Hughes.
18:17 of 1st period - Shot Misses the Net.
18:21 of 1st period - Wrist shot by Jesper Bratt.
18:21 of 1st period - Stopped by Marc-Andre Fleury with a rebound.
18:23 of 1st period - Slapshot by Dylan Strome.
18:23 of 1st period - Shot Misses the Net.
18:25 of 1st period - Slapshot by Martin Fehervary.
18:25 of 1st period - Shot Blocked by David Savard.
18:27 of 1st period - Slapshot by Quinn Hughes.
18:27 of 1st period - Shot Blocked by David Savard.
18:29 of 1st period - Slapshot by Martin Fehervary.
18:29 of 1st period - Stopped by Marc-Andre Fleury with a rebound.
18:31 of 1st period - Slapshot by Quinn Hughes.
18:31 of 1st period - Stopped by Marc-Andre Fleury with a rebound.
18:39 of 1st period - Snap shot by Jesper Bratt.
18:39 of 1st period - Shot Misses the Net.
18:54 of 1st period - Wrist shot by Jesper Bratt.
18:54 of 1st period - Stopped by Marc-Andre Fleury with a rebound.
19:02 of 1st period - Snap shot by Jesper Bratt.
19:02 of 1st period - Shot Misses the Net.
19:14 of 1st period - Wrist shot by Jesper Bratt.
19:14 of 1st period - Stopped by Marc-Andre Fleury without a rebound.
19:15 of 1st period - Sonny Milano wins face-off versus Kyle Connor in San Jose Sharks zone.
19:25 of 1st period - Slapshot by Michael Bunting.
19:25 of 1st period - Deflect By Nick Paul.
19:25 of 1st period - Shot Misses the Net.
19:25 of 1st period - Puck is out of play.
19:26 of 1st period - Evgeny Kuznetsov wins face-off versus Rem Pitlick in Colorado Rockies zone.
19:51 of 1st period - Michael Bunting is hit by Nick Schmaltz and loses puck.
19:58 of 1st period - Snap shot by Slater Koekkoek.
19:58 of 1st period - Shot Blocked by Victor Hedman.
Goals for this period are 0 for San Jose Sharks vs 0 for Colorado Rockies.
Shots for this period are 8 for San Jose Sharks vs 14 for Colorado Rockies.
2nd period
0:01 of 2nd period - Andreas Athanasiou wins face-off versus Nikita Kucherov in neutral zone.
0:06 of 2nd period - Kyle Connor is hit by Andreas Athanasiou and loses puck.
0:15 of 2nd period - Wrist shot by Nikita Kucherov.
0:15 of 2nd period - Stopped by Marc-Andre Fleury without a rebound.
0:16 of 2nd period - Ryan O'Reilly wins face-off versus Sonny Milano in San Jose Sharks zone.
0:23 of 2nd period - Snap shot by Ryan O'Reilly.
0:23 of 2nd period - Shot Misses the Net.
0:41 of 2nd period - Kyle Connor is hit by Jacob Middleton.
1:03 of 2nd period - Wrist shot by Jesper Bratt.
1:03 of 2nd period - Deflect By Dylan Strome.
1:03 of 2nd period - Stopped by Marc-Andre Fleury with a rebound.
1:05 of 2nd period - Slapshot by Roman Josi.
1:05 of 2nd period - Shot Blocked by William Karlsson.
1:34 of 2nd period - Slater Koekkoek is hit by Victor Hedman and loses puck.
2:07 of 2nd period - Snap shot by Nikita Kucherov.
2:07 of 2nd period - Stopped by Marc-Andre Fleury with a rebound.
2:55 of 2nd period - Roman Josi is hit by Jacob Middleton and loses puck.
3:00 of 2nd period - Wrist shot by Mike Hoffman.
3:00 of 2nd period - Stopped by Andrei Vasilevskiy with a rebound.
3:08 of 2nd period - Snap shot by Nick Schmaltz.
3:08 of 2nd period - Stopped by Marc-Andre Fleury without a rebound.
3:09 of 2nd period - Evgeny Kuznetsov wins face-off versus Sonny Milano in San Jose Sharks zone.
3:10 of 2nd period - Wrist shot by Nikita Kucherov.
3:10 of 2nd period - Stopped by Marc-Andre Fleury without a rebound.
3:11 of 2nd period - Sonny Milano wins face-off versus Evgeny Kuznetsov in San Jose Sharks zone.
3:16 of 2nd period - Snap shot by Sonny Milano.
3:16 of 2nd period - Stopped by Andrei Vasilevskiy with a rebound.
3:18 of 2nd period - Slapshot by Slater Koekkoek.
3:18 of 2nd period - Shot Misses the Net.
3:20 of 2nd period - Wrist shot by Nick Paul.
3:20 of 2nd period - Deflect By Michael Bunting.
3:20 of 2nd period - Shot Blocked by Kyle Connor.
3:20 of 2nd period - Puck is out of play.
3:21 of 2nd period - Evgeny Kuznetsov wins face-off versus Rem Pitlick in Colorado Rockies zone.
3:38 of 2nd period - Slapshot by Kyle Connor.
3:38 of 2nd period - Shot Misses the Net.
3:52 of 2nd period - Snap shot by Michael Bunting.
3:52 of 2nd period - Stopped by Andrei Vasilevskiy without a rebound.
3:53 of 2nd period - Ryan O'Reilly wins face-off versus Michael Bunting in Colorado Rockies zone.
3:53 of 2nd period - Ryan O'Reilly is hit by Jacob Middleton.
3:59 of 2nd period - Snap shot by Michael Bunting.
3:59 of 2nd period - Stopped by Andrei Vasilevskiy without a rebound.
4:00 of 2nd period - Andreas Athanasiou wins face-off versus Evgeny Kuznetsov in Colorado Rockies zone.
4:29 of 2nd period - Michael Bunting is hit by Tim Stutzle and loses puck.
4:36 of 2nd period - Snap shot by Jesper Bratt.
4:36 of 2nd period - Stopped by Marc-Andre Fleury without a rebound.
4:37 of 2nd period - Sonny Milano wins face-off versus Ryan O'Reilly in San Jose Sharks zone.
5:25 of 2nd period - Slapshot by Shea Theodore.
5:25 of 2nd period - Goal by Shea Theodore - San Jose Sharks : 0 - Colorado Rockies : 1.
5:26 of 2nd period - Rem Pitlick wins face-off versus Evgeny Kuznetsov in neutral zone.
5:43 of 2nd period - Anthony DeAngelo is hit by Kyle Connor and loses puck.
6:14 of 2nd period - Minor Penalty to Anthony DeAngelo for Holding.
6:15 of 2nd period - Evgeny Kuznetsov wins face-off versus Oliver Bjorkstrand in San Jose Sharks zone.
6:24 of 2nd period - Snap shot by Kyle Connor.
6:24 of 2nd period - Stopped by Marc-Andre Fleury without a rebound.
6:25 of 2nd period - Oliver Bjorkstrand wins face-off versus Evgeny Kuznetsov in San Jose Sharks zone.
6:54 of 2nd period - Wrist shot by Jesper Fast.
6:54 of 2nd period - Shot Blocked by Quinn Hughes.
7:12 of 2nd period - Wrist shot by Nikita Kucherov.
7:12 of 2nd period - Stopped by Marc-Andre Fleury without a rebound.
7:13 of 2nd period - Ryan O'Reilly wins face-off versus Oliver Bjorkstrand in San Jose Sharks zone.
7:14 of 2nd period - Snap shot by David Pastrnak.
7:14 of 2nd period - Deflect By Nick Schmaltz.
7:14 of 2nd period - Shot Blocked by Jacob Middleton.
7:14 of 2nd period - Puck is out of play.
7:15 of 2nd period - Ryan Hartman wins face-off versus Nick Schmaltz in San Jose Sharks zone.
7:15 of 2nd period - Ryan Hartman is hit by Victor Hedman.
7:21 of 2nd period - Slapshot by William Karlsson.
7:21 of 2nd period - Deflect By Ryan Hartman.
7:21 of 2nd period - Stopped by Andrei Vasilevskiy without a rebound.
7:22 of 2nd period - Ryan O'Reilly wins face-off versus Ryan Hartman in Colorado Rockies zone.
7:49 of 2nd period - Snap shot by Jesper Fast.
7:49 of 2nd period - Shot Misses the Net.
8:05 of 2nd period - Slapshot by William Karlsson.
8:05 of 2nd period - Shot Blocked by Nick Schmaltz.
8:07 of 2nd period - Slapshot by Slater Koekkoek.
8:07 of 2nd period - Deflect By Victor Hedman.
8:07 of 2nd period - Stopped by Andrei Vasilevskiy without a rebound.
8:08 of 2nd period - Evgeny Kuznetsov wins face-off versus Oliver Bjorkstrand in Colorado Rockies zone.
8:14 of 2nd period - Penalty to Anthony DeAngelo is over, Anthony DeAngelo is back on ice.
8:19 of 2nd period - Wrist shot by Nikita Kucherov.
8:19 of 2nd period - Shot Blocked by David Savard.
8:19 of 2nd period - David Savard from San Jose Sharks is injured at 8:19 of 2nd period (Sports Hernia).
8:20 of 2nd period - Nick Paul wins face-off versus Evgeny Kuznetsov in San Jose Sharks zone.
9:12 of 2nd period - Tobias Bjornfot is hit by Zach Werenski and loses puck.
10:28 of 2nd period - Andreas Athanasiou is hit by Zach Werenski and loses puck.
11:01 of 2nd period - Wrist shot by Tanner Pearson.
11:01 of 2nd period - Goal by Tanner Pearson - San Jose Sharks : 1 - Colorado Rockies : 1.
11:02 of 2nd period - Ryan O'Reilly wins face-off versus Sonny Milano in neutral zone.
11:15 of 2nd period - Slapshot by David Pastrnak.
11:15 of 2nd period - Shot Blocked by Joel Edmundson.
11:17 of 2nd period - Snap shot by Zach Werenski.
11:17 of 2nd period - Stopped by Marc-Andre Fleury without a rebound.
11:18 of 2nd period - Dylan Strome wins face-off versus William Karlsson in San Jose Sharks zone.
11:47 of 2nd period - Slapshot by Joel Edmundson.
11:47 of 2nd period - Deflect By Sonny Milano.
11:47 of 2nd period - Shot Blocked by David Pastrnak.
11:47 of 2nd period - Puck is out of play.
11:48 of 2nd period - Ryan O'Reilly wins face-off versus Sonny Milano in Colorado Rockies zone.
12:00 of 2nd period - Zach Werenski is hit by Michael Bunting and loses puck.
12:08 of 2nd period - Off-side.
12:09 of 2nd period - Ryan Hartman wins face-off versus Dylan Strome in neutral zone.
12:14 of 2nd period - Martin Fehervary is hit by Ryan Hartman.
12:20 of 2nd period - Wrist shot by Oliver Bjorkstrand.
12:20 of 2nd period - Stopped by Andrei Vasilevskiy without a rebound.
12:21 of 2nd period - Ryan O'Reilly wins face-off versus Nick Paul in Colorado Rockies zone.
12:32 of 2nd period - Slapshot by Nick Schmaltz.
12:32 of 2nd period - Shot Blocked by Joel Edmundson.
13:15 of 2nd period - Roman Josi is hit by Mike Hoffman and loses puck.
13:21 of 2nd period - Icing by Roman Josi.
13:22 of 2nd period - Nick Bonino wins face-off versus Sonny Milano in Colorado Rockies zone.
13:39 of 2nd period - Slapshot by Jakub Vrana.
13:39 of 2nd period - Stopped by Marc-Andre Fleury with a rebound.
13:41 of 2nd period - Snap shot by Zach Werenski.
13:41 of 2nd period - Stopped by Marc-Andre Fleury with a rebound.
14:21 of 2nd period - Snap shot by Jakub Vrana.
14:21 of 2nd period - Stopped by Marc-Andre Fleury without a rebound.
14:22 of 2nd period - Ryan O'Reilly wins face-off versus Ryan Hartman in San Jose Sharks zone.
15:17 of 2nd period - Wrist shot by Tim Stutzle.
15:17 of 2nd period - Shot Blocked by Slater Koekkoek.
15:19 of 2nd period - Slapshot by Quinn Hughes.
15:19 of 2nd period - Stopped by Marc-Andre Fleury with a rebound.
15:30 of 2nd period - Icing by Slater Koekkoek.
15:31 of 2nd period - Ryan O'Reilly wins face-off versus Ryan Hartman in San Jose Sharks zone.
15:42 of 2nd period - Snap shot by Ryan Hartman.
15:42 of 2nd period - Shot Blocked by David Pastrnak.
15:44 of 2nd period - Backhand shot by William Karlsson.
15:44 of 2nd period - Deflect By Ryan Hartman.
15:44 of 2nd period - Shot Blocked by Quinn Hughes.
15:44 of 2nd period - Puck is out of play.
15:45 of 2nd period - Ryan O'Reilly wins face-off versus Tanner Pearson in Colorado Rockies zone.
16:18 of 2nd period - Backhand shot by Oliver Bjorkstrand.
16:18 of 2nd period - Stopped by Andrei Vasilevskiy with a rebound.
16:20 of 2nd period - Backhand shot by William Karlsson.
16:20 of 2nd period - Stopped by Andrei Vasilevskiy with a rebound.
16:22 of 2nd period - Snap shot by Ryan Hartman.
16:22 of 2nd period - Deflect By Oliver Bjorkstrand.
16:22 of 2nd period - Shot Misses the Net.
16:22 of 2nd period - Puck is out of play.
16:23 of 2nd period - Ryan O'Reilly wins face-off versus Rem Pitlick in Colorado Rockies zone.
16:23 of 2nd period - Ryan O'Reilly is hit by Sonny Milano.
16:29 of 2nd period - Slapshot by Quinn Hughes.
16:29 of 2nd period - Stopped by Marc-Andre Fleury without a rebound.
16:30 of 2nd period - Rem Pitlick wins face-off versus Ryan O'Reilly in San Jose Sharks zone.
16:35 of 2nd period - Snap shot by Sonny Milano.
16:35 of 2nd period - Deflect By Jesper Fast.
16:35 of 2nd period - Stopped by Andrei Vasilevskiy with a rebound.
16:53 of 2nd period - Wrist shot by David Pastrnak.
16:53 of 2nd period - Stopped by Marc-Andre Fleury with a rebound.
16:56 of 2nd period - Icing by Anthony DeAngelo.
16:57 of 2nd period - Evgeny Kuznetsov wins face-off versus Rem Pitlick in San Jose Sharks zone.
16:58 of 2nd period - Snap shot by Nikita Kucherov.
16:58 of 2nd period - Shot Blocked by Rem Pitlick.
17:34 of 2nd period - Snap shot by William Karlsson.
17:34 of 2nd period - Shot Misses the Net.
17:50 of 2nd period - Wrist shot by Michael Bunting.
17:50 of 2nd period - Stopped by Andrei Vasilevskiy without a rebound.
17:51 of 2nd period - Ryan O'Reilly wins face-off versus Tanner Pearson in Colorado Rockies zone.
19:39 of 2nd period - David Pastrnak is hit by William Karlsson and loses puck.
Goals for this period are 1 for San Jose Sharks vs 1 for Colorado Rockies.
Shots for this period are 12 for San Jose Sharks vs 16 for Colorado Rockies.
3rd period
0:01 of 3rd period - Evgeny Kuznetsov wins face-off versus Ryan Hartman in neutral zone.
0:04 of 3rd period - Snap shot by Nikita Kucherov.
0:04 of 3rd period - Goal by Nikita Kucherov - San Jose Sharks : 1 - Colorado Rockies : 2.
0:05 of 3rd period - Ryan Hartman wins face-off versus Evgeny Kuznetsov in neutral zone.
0:07 of 3rd period - Minor Penalty to Ryan Hartman for Hooking.
0:08 of 3rd period - Jesper Fast wins face-off versus Evgeny Kuznetsov in San Jose Sharks zone.
0:18 of 3rd period - Wrist shot by Victor Hedman.
0:18 of 3rd period - Stopped by Marc-Andre Fleury with a rebound.
0:20 of 3rd period - Snap shot by Nikita Kucherov.
0:20 of 3rd period - Shot Blocked by Slater Koekkoek.
2:07 of 3rd period - Penalty to Ryan Hartman is over, Ryan Hartman is back on ice.
2:40 of 3rd period - Kevin Hayes is hit by Tanner Pearson and loses puck.
2:47 of 3rd period - Snap shot by Mike Hoffman.
2:47 of 3rd period - Shot Misses the Net.
3:42 of 3rd period - Roman Josi is hit by Jacob Middleton.
3:52 of 3rd period - Tanner Pearson is hit by Ryan O'Reilly and loses puck.
4:55 of 3rd period - Jesper Bratt is hit by Andreas Athanasiou and loses puck.
5:32 of 3rd period - Minor Penalty to Roman Josi for Holding Stick.
5:33 of 3rd period - Nick Bonino wins face-off versus Ryan Hartman in Colorado Rockies zone.
5:42 of 3rd period - Victor Hedman is hit by Oliver Bjorkstrand.
6:15 of 3rd period - Kevin Hayes is hit by Tanner Pearson and loses puck.
6:42 of 3rd period - William Karlsson is hit by Tim Stutzle and loses puck.
7:11 of 3rd period - Tanner Pearson is hit by Martin Fehervary and loses puck.
7:32 of 3rd period - Penalty to Roman Josi is over, Roman Josi is back on ice.
7:34 of 3rd period - Wrist shot by Mike Hoffman.
7:34 of 3rd period - Goal by Mike Hoffman - San Jose Sharks : 2 - Colorado Rockies : 2.
7:35 of 3rd period - Evgeny Kuznetsov wins face-off versus Mike Hoffman in neutral zone.
8:07 of 3rd period - Slapshot by Michael Bunting.
8:07 of 3rd period - Shot Misses the Net.
8:33 of 3rd period - Wrist shot by David Pastrnak.
8:33 of 3rd period - Stopped by Marc-Andre Fleury with a rebound.
8:55 of 3rd period - Slapshot by Tim Stutzle.
8:55 of 3rd period - Goal by Tim Stutzle - San Jose Sharks : 2 - Colorado Rockies : 3.
8:56 of 3rd period - Michael Bunting wins face-off versus Evgeny Kuznetsov in neutral zone.
8:59 of 3rd period - Wrist shot by Michael Bunting.
8:59 of 3rd period - Stopped by Andrei Vasilevskiy with a rebound.
9:01 of 3rd period - Snap shot by Sonny Milano.
9:01 of 3rd period - Stopped by Andrei Vasilevskiy without a rebound.
9:02 of 3rd period - Evgeny Kuznetsov wins face-off versus Sonny Milano in Colorado Rockies zone.
10:13 of 3rd period - Rem Pitlick is hit by Nick Bonino and loses puck.
11:13 of 3rd period - Snap shot by Anthony DeAngelo.
11:13 of 3rd period - Stopped by Andrei Vasilevskiy without a rebound.
11:14 of 3rd period - Dylan Strome wins face-off versus Sonny Milano in Colorado Rockies zone.
11:19 of 3rd period - Sonny Milano is hit by Jesper Bratt and loses puck.
11:48 of 3rd period - Jacob Middleton is hit by Evgeny Kuznetsov and loses puck.
11:56 of 3rd period - Icing by Tanner Pearson.
11:57 of 3rd period - Nick Schmaltz wins face-off versus Andreas Athanasiou in San Jose Sharks zone.
11:59 of 3rd period - Minor Penalty to Shea Theodore for Cross-checking.
12:00 of 3rd period - Nick Bonino wins face-off versus Ryan Hartman in Colorado Rockies zone.
13:03 of 3rd period - Slapshot by Joel Edmundson.
13:03 of 3rd period - Deflect By Tim Stutzle.
13:03 of 3rd period - Stopped by Andrei Vasilevskiy without a rebound.
13:04 of 3rd period - Tim Stutzle wins face-off versus Ryan Hartman in Colorado Rockies zone.
13:59 of 3rd period - Penalty to Shea Theodore is over, Shea Theodore is back on ice.
14:12 of 3rd period - Snap shot by Tanner Pearson.
14:12 of 3rd period - Shot Blocked by Quinn Hughes.
14:14 of 3rd period - Slapshot by Anthony DeAngelo.
14:14 of 3rd period - Stopped by Andrei Vasilevskiy with a rebound.
14:16 of 3rd period - Slapshot by Andreas Athanasiou.
14:16 of 3rd period - Stopped by Andrei Vasilevskiy without a rebound.
14:17 of 3rd period - Ryan O'Reilly wins face-off versus Ryan Hartman in Colorado Rockies zone.
14:29 of 3rd period - Slapshot by Oliver Bjorkstrand.
14:29 of 3rd period - Stopped by Andrei Vasilevskiy with a rebound.
14:31 of 3rd period - Snap shot by Oliver Bjorkstrand.
14:31 of 3rd period - Stopped by Andrei Vasilevskiy with a rebound.
14:33 of 3rd period - Wrist shot by Ryan Hartman.
14:33 of 3rd period - Stopped by Andrei Vasilevskiy without a rebound.
14:34 of 3rd period - Andreas Athanasiou wins face-off versus Evgeny Kuznetsov in Colorado Rockies zone.
15:06 of 3rd period - William Karlsson is hit by David Pastrnak and loses puck.
15:33 of 3rd period - Snap shot by Sonny Milano.
15:33 of 3rd period - Stopped by Andrei Vasilevskiy without a rebound.
15:34 of 3rd period - Dylan Strome wins face-off versus Andreas Athanasiou in Colorado Rockies zone.
15:34 of 3rd period - Dylan Strome is hit by Andreas Athanasiou.
16:15 of 3rd period - Icing by Sonny Milano.
16:16 of 3rd period - Dylan Strome wins face-off versus Rem Pitlick in San Jose Sharks zone.
16:17 of 3rd period - Wrist shot by Tim Stutzle.
16:17 of 3rd period - Stopped by Marc-Andre Fleury without a rebound.
16:18 of 3rd period - Dylan Strome wins face-off versus Tanner Pearson in San Jose Sharks zone.
16:25 of 3rd period - Snap shot by Tim Stutzle.
16:25 of 3rd period - Stopped by Marc-Andre Fleury with a rebound.
16:27 of 3rd period - Snap shot by Jesper Bratt.
16:27 of 3rd period - Goal by Jesper Bratt - San Jose Sharks : 2 - Colorado Rockies : 4.
16:28 of 3rd period - Andreas Athanasiou wins face-off versus Dylan Strome in neutral zone.
16:31 of 3rd period - Snap shot by Mike Hoffman.
16:31 of 3rd period - Stopped by Andrei Vasilevskiy with a rebound.
16:54 of 3rd period - Tobias Bjornfot is hit by Ryan O'Reilly and loses puck.
17:08 of 3rd period - Off-side.
17:09 of 3rd period - Ryan Hartman wins face-off versus Dylan Strome in neutral zone.
17:16 of 3rd period - Tobias Bjornfot is hit by Shea Theodore and loses puck.
17:35 of 3rd period - Evgeny Kuznetsov is hit by Anthony DeAngelo and loses puck.
18:00 of 3rd period - Ryan O'Reilly is hit by Jacob Middleton and loses puck.
18:37 of 3rd period - Nick Paul is hit by Tim Stutzle and loses puck.
18:43 of 3rd period - Off-side.
18:44 of 3rd period - Evgeny Kuznetsov wins face-off versus Rem Pitlick in neutral zone.
Goals for this period are 1 for San Jose Sharks vs 3 for Colorado Rockies.
Shots for this period are 12 for San Jose Sharks vs 7 for Colorado Rockies.
Back to the Top